 Dungeon Crawl Stone Soup version 0.22.1-1-ga44c0e5 (webtiles) character file.

158 lysyklops the Poker (level 5, 0/42 HPs)
             Began as a Merfolk Gladiator on Sept 29, 2018.
             Slain by a gnoll
             ... wielding a +0 halberd
              (15 damage)
             ... on level 3 of the Dungeon.
             The game lasted 00:03:38 (1729 turns).

lysyklops the Poker (Merfolk Gladiator)             Turns: 1729, Time: 00:03:39

Health: 0/42       AC:  5    Str: 14    XL:     5   Next: 39%
Magic:  5/5        EV: 15    Int:  7    God:
Gold:   151        SH:  0    Dex: 17    Spells: 4/4 levels left

rFire    . . .     SeeInvis .   a - +0 trident
rCold    . . .     Gourm    .   (no shield)
rNeg     . . .     Faith    .   b - +0 leather armour
rPois    .         Spirit   .   c - +0 helmet
rElec    .         Reflect  .   (no cloak)
rCorr    .         Harm     .   n - +0 pair of gloves
MR       .....                  (no boots)
Stlth    +.........             (no amulet)
HPRegen  0.14/turn              (no ring)
MPRegen  0.09/turn              (no ring)

@: no status effects
A: change form in water, swift swim, stealthy swim
a: no special abilities


You were on level 3 of the Dungeon.
You were not hungry.

You visited 1 branch of the dungeon, and saw 3 of its levels.

You collected 151 gold pieces.

Inventory:

Hand Weapons
 a - a +0 trident (weapon)
Missiles
 d - 3 throwing nets (quivered)
Armour
 b - a +0 leather armour (worn)
 c - a +0 helmet (worn)
 n - a +0 pair of gloves (worn)
Scrolls
 e - 2 scrolls of remove curse {unknown}
 g - a scroll of amnesia {unknown}
 j - a scroll of blinking {unknown}
 k - 4 scrolls of identify {unknown}
 m - a scroll of noise {unknown}
 p - a scroll of random uselessness {unknown}
 r - 2 scrolls of teleportation {unknown}
Potions
 h - 2 potions of flight {unknown}
 i - a potion of berserk rage {unknown}
 l - 2 potions of lignification {unknown}
 o - 4 potions of curing {unknown}
 q - a potion of heal wounds {unknown}
Comestibles
 f - 5 rations
 s - a chunk of flesh


   Skills:
 + Level 3.7 Fighting
 + Level 6.0 Polearms
 - Level 2.1 Throwing
 + Level 5.5 Dodging


You had 4 spell levels left.
You didn't know any spells.
Your spell library was empty.

Dungeon Overview and Level Annotations

Branches:
Dungeon (3/15)

Altars:
Kikubaaqudgha


Message History

The gnoll closely misses you. The gnoll misses you.
You completely miss the gnoll.
The gnoll is lightly wounded.
The gnoll hits you but does no damage.
You hit the gnoll but do no damage.
The gnoll is lightly wounded.
The gnoll misses you. The gnoll barely misses you.
You hit the gnoll.
The gnoll is moderately wounded.
The gnoll completely misses you. The gnoll barely misses you.
You barely miss the gnoll.
The gnoll is moderately wounded.
The gnoll misses you. The gnoll closely misses you.
You hit the gnoll.
The gnoll is moderately wounded.
The gnoll closely misses you. x2
You hit the gnoll.
The gnoll is severely wounded.
The gnoll misses you. The gnoll hits you with a halberd!
You die...

....# #.........#####.. ...#####.
#.........##..... ...#....
#.........##..... ...#...#
#.........##...## ...#...#
#.........##..... ...#...#####
####.........##.....
..)#...#...###............##.....
...#........######g.........##...
............'...@gg.........##...
............#######.........##...
....###.......#####.........##...
....# #...........#..g......##...
....# #...........#.........##...
....# #.....#.....#....g.........
....# #.....#.....#..............
....# ###...#.....#..............
...#######..+.....#..............


You could see 3 gnolls.

Vanquished Creatures
  2 orc wizards (D:3)
  A gnoll (D:3)
  2 worms (D:2)
  2 dart slugs (D:1)
  4 leopard geckos
  6 orcs
  2 ball pythons
  4 bats
  A giant cockroach (D:3)
  8 goblins
  8 hobgoblins
  8 jackals
  7 kobolds
  2 quokkas
  4 frilled lizards
  9 rats
70 creatures vanquished.

Notes
Turn   | Place    | Note
-------+----------+-------------------------------------------
     0 | D:1      | lysyklops the Merfolk Gladiator began the quest for the
                  | Orb.
     0 | D:1      | Reached XP level 1. HP: 16/16 MP: 1/1
    74 | D:1      | Reached XP level 2. HP: 23/23 MP: 2/2
   208 | D:1      | Reached XP level 3. HP: 21/28 MP: 3/3
   257 | D:1      | Reached skill level 5 in Polearms
   780 | D:2      | Found an ancient bone altar of Kikubaaqudgha.
   843 | D:2      | Reached XP level 4. HP: 25/35 MP: 4/4
  1071 | D:2      | Reached skill level 5 in Dodging
  1530 | D:3      | Reached XP level 5. HP: 30/42 MP: 5/5
  1683 | D:3      | Reached skill level 6 in Polearms
  1729 | D:3      | Slain by a gnoll

Skill      XL: |  1  2  3  4  5 |
---------------+----------------+-----
Polearms       | 5 6 |  6.0
Fighting       | 3 |  3.7
Dodging        | 5 |  5.5
Throwing       | |  2.1

Action                   |  1- 3 |  4- 6 || total
-------------------------+-------+-------++-------
Melee: Trident           |   146 |   105 ||   251
 Stab: Sleeping          |     1 |     1 ||     2
       Distracted        |       |     1 ||     1
  Eat: Chunk             |       |     3 ||     3
Armor: Leather armour    |    33 |    18 ||    51
Dodge: Dodged            |    80 |    85 ||   165
